 Dungeon Crawl Stone Soup version 0.25.1-2-g60ff931df9 (webtiles) character file.

Game seed: 14937500500210747550

145 lepoulpe303 the Ducker (level 5, -8/28 HPs)
             Began as a Spriggan Abyssal Knight on Sept 17, 2020.
             Was a Follower of Lugonu.
             Killed by nerve-wracking pain
             ... invoked by Grinder
              (10 damage)
             ... on level 3 of the Dungeon.
             The game lasted 00:14:07 (3932 turns).

lepoulpe303 the Ducker (Spriggan Abyssal Knight)    Turns: 3932, Time: 00:14:08

Health: -8/28      AC:  5    Str:  5      XL:     5   Next: 6%
Magic:  9/9        EV: 19    Int: 13 (14) God:    Lugonu [*.....]
Gold:   140        SH:  0    Dex: 12 (15) Spells: 4/4 levels left

rFire    . . .     SeeInvis +   a - +1 short sword
rCold    . . .     Gourm    .   (shield restricted)
rNeg     . . .     Faith    .   c - +0 robe (curse)
rPois    .         Spirit   .   f - +1 hat
rElec    .         Reflect  .   (no cloak)
rCorr    .         Harm     .   (gloves unavailable)
MR       .....                  (boots unavailable)
Stlth    ++........             (no amulet)
HPRegen  0.09/turn              (no ring)
MPRegen  0.11/turn              (no ring)

@: very quick
A: very small, unfitting armour, thin metallic scales 1, see invisible,
deterioration 1, herbivore, speed 3, high mp 1, [screaming 1], slow metabolism
2, [weak 2]
a: Depart the Abyss, Renounce Religion


You were on level 3 of the Dungeon.
You worshipped Lugonu.
Lugonu was aware of your devotion.
You were not hungry.

You visited 1 branch of the dungeon, and saw 3 of its levels.
You visited the Abyss 1 time.

You collected 140 gold pieces.

Inventory:

Hand Weapons
 a - a +1 short sword (weapon)
Missiles
 r - a throwing net {=f}
Armour
 b - a +0 robe
 c - a cursed +0 robe (worn)
 f - a +1 hat (worn)
Jewellery
 m - an uncursed amulet of magic regeneration
Scrolls
 g - 2 scrolls of random uselessness {unknown}
 h - 2 scrolls of fear {unknown}
 i - 2 scrolls of identify
 j - a scroll of noise {unknown}
 k - a scroll of enchant weapon {unknown}
 l - 3 scrolls of remove curse {unknown}
 n - a scroll of teleportation {unknown}
 o - a scroll of magic mapping {unknown}
Potions
 q - a potion of curing
Comestibles
 e - 4 rations


   Skills:
 + Level 2.8 Fighting
 * Level 3.5 Short Blades
 + Level 4.4 Dodging
 + Level 2.6 Stealth
 * Level 3.1 Invocations


You had 4 spell levels left.
You didn't know any spells.
Your spell library was empty.

Dungeon Overview and Level Annotations

Branches:
Dungeon (3/15)

Altars:
Ashenzari
Hepliaklqana
Qazlal

Annotations:
D:3 Grinder


Innate Abilities, Weirdness & Mutations

You are very small and have problems with some larger weapons.
You are too small for most types of armour.
You have supernaturally acute eyesight. (SInv)
You are a herbivore.
You cover ground extremely quickly.
You need to consume almost no food.
You are partially covered in thin metallic scales. (AC +2)
Your body sometimes deteriorates upon taking damage.
You have an increased reservoir of magic. (+10% MP)
[You occasionally shout uncontrollably at your foes.]
[You are very weak. (Str -4)]


Message History

Your magical effects are unravelling.
You feel magically purged.
You feel a little less clever now. Grinder completely misses you.
You hit Grinder but do no damage. Grinder misses you.
You closely miss Grinder. Grinder hits you but does no damage.
You hit Grinder. Grinder gestures at you. Pain shoots through your body!
* * * LOW HITPOINT WARNING * * *
Your body deteriorates!
You feel clumsy. The dart slug launches a dart at you.
The slug dart misses you.
You take 4 damage, and have 2/28 hp.
You hit Grinder but do no damage. Grinder completely misses you.
You hit Grinder. Grinder gestures at you. Pain shoots through your body!
You die...

####### #.# #.....# ...
#.....# #.# #.....# #.#
#.....# ###.##### #.....#
#.......# .####.### #.#.###.#
##.####.# #5#..# .#
###.......# #@##.# .#
#....####.#### #.##.##.#
#.......##.###.w.....####
#.##...<#.#.#####.......#
###.#####..#.........####.#
)............##.####w# #
.##........###.###...ยง....<.
.##.#####.#.#.# #.#......#.
.##.. ...##.# #!##K.#.##


You could see Grinder and a dart slug.

Levels and vault maps discovered:
D:1:      scummos_arrival_gate, layout_basic, serial_glass, glass_columns_a,
          glass_columns_b, minmay_shallow_snake_nest
D:2:      cheibrodos_old_hovel, layout_basic, marbit_many_paths,
          lemuel_round_altar, uniq_jessica
D:3:      layout_loops_cross, nicolae_overflow_hidden_temple,
          chequers_ecumenical_altar_simple, first_ration, item_on_display_a,
          uniq_grinder

Notes
Turn   | Place    | Note
-------+----------+-------------------------------------------
     0 | Abyss:1  | lepoulpe303 the Spriggan Abyssal Knight began the quest for
                  | the Orb.
     0 | Abyss:1  | Reached XP level 1. HP: 11/11 MP: 3/3
    50 | Abyss:1  | Noticed a large abomination
   117 | Abyss:1  | Noticed a komodo dragon
   133 | Abyss:1  | Noticed a fire bat
   164 | Abyss:1  | Identified a cursed +0 robe (You found it on level 1 of the
                  | Abyss)
   164 | Abyss:1  | Noticed a large abomination
   176 | Abyss:1  | Noticed a wretched star
   193 | Abyss:1  | Noticed a large abomination
   212 | D:1      | Escaped the Abyss
   276 | D:1      | Identified a +1 hat (You found it on level 1 of the
                  | Dungeon)
   309 | D:1      | Identified a +0 whip
   358 | D:1      | Identified a +0 club
   386 | D:1      | HP: 1/11 [hobgoblin/+0 club (6)]
   793 | D:1      | Identified a +0 club
   961 | D:1      | Identified a +0 dagger
  1198 | D:1      | Reached skill level 2 in Invocations
  1450 | D:2      | Identified a +0 whip
  1456 | D:1      | Reached XP level 2. HP: 14/16 MP: 4/4
  1528 | D:2      | Identified a +0 club
  1534 | D:2      | Reached skill level 1 in Stealth
  1658 | D:2      | Identified a +0 dagger
  1829 | D:2      | HP: 4/16 [poisoned by an adder]
  1830 | D:2      | Reached XP level 3. HP: 5/19 MP: 5/5
  1831 | D:2      | Identified a potion of haste
  1832 | D:2      | Identified a potion of flight
  1833 | D:2      | Identified a potion of mutation
  1833 | D:2      | Gained mutation: Your body sometimes deteriorates upon
                  | taking damage. [potion of mutation]
  1833 | D:2      | Gained mutation: You have an increased reservoir of magic.
                  | (+10% MP) [potion of mutation]
  1833 | D:2      | Gained mutation: You are partially covered in thin metallic
                  | scales. (AC +2) [potion of mutation]
  1834 | D:2      | Identified a potion of curing
  2010 | D:2      | Found a hazy altar of Hepliaklqana.
  2022 | D:2      | Identified a +0 robe
  2022 | D:2      | Noticed Jessica
  2139 | D:2      | Found a shattered altar of Ashenzari.
  2192 | D:2      | Reached skill level 3 in Short Blades
  2192 | D:2      | Reached skill level 4 in Dodging
  2192 | D:2      | Reached skill level 2 in Stealth
  2192 | D:2      | Reached XP level 4. HP: 23/23 MP: 7/7
  2711 | D:2      | Reached * piety under Lugonu
  2836 | D:2      | Identified a +0 club
  2925 | D:2      | Identified a +0 club
  3260 | D:2      | Found a hazy altar of Hepliaklqana.
  3313 | D:2      | Found a shattered altar of Ashenzari.
  3393 | D:2      | Killed Jessica
  3393 | D:2      | Reached skill level 3 in Invocations
  3393 | D:2      | Reached XP level 5. HP: 19/28 MP: 9/9
  3395 | D:2      | Identified 3 scrolls of identify
  3395 | D:2      | Identified an amulet of magic regeneration (You found it on
                  | level 1 of the Dungeon)
  3418 | D:2      | Identified a +0 spear
  3759 | D:3      | Noticed Grinder
  3839 | D:3      | Identified a +0 dagger
  3848 | D:3      | Found a stormy altar of Qazlal.
  3925 | D:3      | HP: 5/28 [Grinder (5)]
  3926 | D:3      | Identified a potion of brilliance
  3927 | D:3      | Identified a potion of cancellation
  3930 | D:3      | HP: 2/28 [Grinder/nerve-wracking pain (4)]
  3932 | D:3      | Killed from afar by Grinder

Table legend:
 A = Turns spent in this place as a percentage of turns spent in the entire game.
 B = Non-inter-level travel turns spent in this place as a percentage of non-inter-level travel turns spent in the entire game.
 C = Inter-level travel turns spent in this place as a percentage of turns spent in this place.
 D = Turns resting spent in this place as a percentage of non-inter-level travel turns spent in this place.
 E = Turns spent auto-exploring this place as a percentage of non-inter-level travel turns spent in this place.
 F = Non-inter-level travel turns spent in this place divided by the number of levels of this place that you've seen.
                   A       B       C       D       E      F
               +-------+-------+-------+-------+-------+----------------------
         Total | 100.0 | 100.0 |   4.3 |  33.9 |  37.3 | 940.5
       Dungeon |  94.6 |  94.4 |   4.6 |  35.9 |  39.5 | 1183.3
         Abyss |   5.4 |   5.6 |   0.0 |   0.0 |   0.0 | 212.0
               +-------+-------+-------+-------+-------+----------------------

Table legend:
 A = Kills in this place as a percentage of kills in entire the game.
 B = Kills by you in this place as a percentage of kills by you in the entire game.
 C = Kills by friends in this place as a percentage of kills by friends in the entire game.
 D = Other kills in this place as a percentage of other kills in the entire game.
 E = Experience gained in this place as a percentage of experience gained in the entire game.
 F = Experience gained in this place divided by the number of levels of this place that you have seen.
                   A       B       C       D       E      F
               +-------+-------+-------+-------+-------+----------------------
         Total | 100.0 | 100.0 |   N/A |   N/A | 100.0 |  52.0
       Dungeon | 100.0 | 100.0 |   N/A |   N/A | 100.0 |  69.3
               +-------+-------+-------+-------+-------+----------------------

Skill      XL: |  1  2  3  4 |
---------------+-------------+-----
Invocations    | 2 3 |  3.1
Stealth        | 1 2 |  2.6
Short Blades   | 3 |  3.5
Dodging        | 4 |  4.4
Fighting       | |  2.8

Action                   |  1- 3 |  4- 6 || total
-------------------------+-------+-------++-------
Melee: Short sword       |   119 |   117 ||   236
Invok: Depart the Abyss  |     1 |       ||     1
  Use: Potion            |     4 |     2 ||     6
       Scroll            |       |     1 ||     1
 Stab: Sleeping          |     2 |     3 ||     5
       Distracted        |     1 |       ||     1
  Eat: Ration            |       |     1 ||     1
Armor: Robe              |    14 |    14 ||    28
Dodge: Dodged            |   113 |    72 ||   185

Vanquished Creatures
  A crimson imp (D:2)
  Jessica (D:2)
  4 adders (D:2)
  An ooze (D:2)
  A dart slug (D:2)
  3 worms (D:2)
  2 orcs (D:3)
  3 giant cockroaches (D:2)
  2 goblins (D:2)
  3 hobgoblins
  2 jackals (D:2)
  5 kobolds
  3 ball pythons
  3 bats (D:2)
  3 rats
37 creatures vanquished.
